 Dungeon Crawl Stone Soup version 0.29-a0-275-g389c0b56f3 (webtiles) character file.

Game seed: 16627117995499277093

8694 spaghetti the Nimble (level 11, -2/80 HPs)
             Began as a Demonspawn Necromancer on Mar 10, 2022.
             Was a Believer of Cheibriados (penitent).
             Slain by a yak (9 damage)
             ... on level 9 of the Dungeon.
             The game lasted 00:24:03 (11262 turns).

spaghetti the Nimble (Demonspawn Necromancer)      Turns: 11262, Time: 00:24:04

Health: -2/80      AC:  7    Str:  8    XL:     11   Next: 13%
Magic:  9/19       EV: 25    Int: 18    God:    Cheibriados [**....]
Gold:   391        SH:  5    Dex: 29    Spells: 6/14 levels left

rFire   . . .      SeeInvis .   o - +0 short sword (venom) {short}
rCold   . . .      Faith    .   i - +0 buckler "Ewovoade" {+Blink Dex+4}
rNeg    + + .      Spirit   .   a - +0 robe
rPois   .          Reflect  .   m - +0 helmet
rElec   .          Harm     .   (no cloak)
rCorr   +          Rampage  .   j - +0 pair of gloves "Cyeddot" {-Cast +Inv rCorr Dex+8 Stlth-}
Will    .....      NoCast   +   p - +0 pair of boots
Stlth   ++........              g - amulet of regeneration {@e2}
HPRegen 1.03/turn               h - ring of positive energy
MPRegen 0.16/turn               s - ring of positive energy

@: mighty, hasted, quick
A: claws 2, yellow scales 1, foul stench 2, powered by pain 3
a: Renounce Religion, Evoke Blink, Evoke Invisibility


You were on level 9 of the Dungeon.
You worshipped Cheibriados.
Cheibriados was demanding penance.
You visited 2 branches of the dungeon, and saw 11 of its levels.
You also visited: Sewer and Bailey.

You collected 391 gold pieces.


Innate Abilities, Weirdness & Mutations

You have very sharp fingernails.
You are partially covered in yellow scales. (AC +2)
You sometimes emit foul miasma when damaged in melee.
You are powered by pain.


   Skills:
 - Level 5.2 Fighting
 + Level 12.2 Dodging
 - Level 1.7 Stealth
 - Level 3.0 Unarmed Combat
 - Level 2.0 Spellcasting
 - Level 6.0 Necromancy
 - Level 11.0 Invocations


You had 6 spell levels left.
You knew the following spells:

 Your Spells              Type           Power      Damage    Failure   Level
a - Pain                  Necr           92%        1d8       1%          1
b - Vampiric Draining     Necr           23%        2d7       6%          3
c - Animate Dead          Necr           11%        N/A       21%         4

Your spell library contained the following spells:

 Spells                   Type           Power      Damage    Failure   Level
 Animate Skeleton         Necr           46%        N/A       1%          1
 Dispel Undead            Necr           23%        3d12      21%         4
 Apportation              Tloc           2%         N/A       24%         1
 Blink                    Tloc           2%         N/A       36%         2
 Static Discharge         Conj/Air       1%         N/A       36%         2
 Agony                    Necr           23%        N/A       50%         5
 Lesser Beckoning         Tloc           1%         N/A       58%         3
 Sticky Flame             Conj/Fire      1%         2d3       94%         4
 Alistair's Intoxication  Tmut/Pois      0%         N/A       100%        5
 Manifold Assault         Tloc           1%         N/A       100%        5

Inventory:

Hand Weapons
 l - a +2 short sword of flaming {short}
   (You took it off a kobold on level 3 of the Dungeon)
 o - a +0 short sword of venom (weapon) {short}
   (You took it off a kobold on level 2 of the Dungeon)
 z - a +3 short sword {short}
   (You took it off a wight on level 7 of the Dungeon)
 A - the +4 spear "Ogrebane" {vorpal, SInv, polearm}
   (You found it on level 7 of the Dungeon)

   It inflicts extra damage upon your enemies.
   SInv:      It lets you see invisible.
Missiles
 c - 3 throwing nets {=f!fthrowing}
 k - 31 poisoned darts {throwing}
 n - 201 stones (quivered) {throwing}
 C - 5 boomerangs {throwing}
Armour
 a - a +0 robe (worn)
 i - the +0 buckler "Ewovoade" (worn) {+Blink Dex+4}
   (You acquired it on level 4 of the Dungeon)

   Dex:       It affects your dexterity (+4).
   +Blink:    It lets you blink.
 j - the +0 pair of gloves "Cyeddot" (worn) {-Cast +Inv rCorr Dex+8 Stlth-}
   (You found it on level 3 of the Dungeon)

   Dex:       It affects your dexterity (+8).
   +Inv:      It lets you turn invisible.
   -Cast:     It prevents spellcasting.
   rCorr:     It protects you from acid and corrosion.
   Stlth:     It makes you less stealthy.
 m - a +0 helmet (worn)
   (You found it on level 2 of the Dungeon)
 p - a +0 pair of boots (worn)
   (You found it on level 1 of the Dungeon)
 G - a +0 plate armour
   (You took it off a vault guard in a bailey)
Magical Staves
 e - a staff of air {!astaff}
   (You took it off an orc on level 5 of the Dungeon)
Jewellery
 g - an amulet of regeneration (around neck) {@e2}
   (You found it on level 5 of the Dungeon)
 h - a ring of positive energy (left hand)
   (You found it on level 1 of the Dungeon)
 s - a ring of positive energy (right hand)
   (You found it on level 4 of the Dungeon)
 u - an amulet of the acrobat
   (You found it on level 4 of the Dungeon)
 H - a ring of poison resistance
   (You found it on level 8 of the Dungeon)
 J - a ring of see invisible
   (You found it on level 9 of the Dungeon)
Wands
 b - a wand of flame (28)
   (You found it on level 3 of the Dungeon)
 F - a wand of iceblast (21)
   (You found it on level 8 of the Dungeon)
 I - a wand of polymorph (11)
   (You found it on level 8 of the Dungeon)
Scrolls
 d - 9 scrolls of teleportation {@r4}
 f - 6 scrolls of identify {@r1}
 r - 2 scrolls of magic mapping {!r}
 t - a scroll of enchant weapon
 w - a scroll of vulnerability {!r!r}
 x - 2 scrolls of fog
 y - a scroll of immolation {!r!r}
 B - a scroll of noise {!r}
Potions
 q - 2 potions of haste {forbidden@q3}
 v - a potion of resistance
 D - a potion of magic

Dungeon Overview and Level Annotations

Branches:
Dungeon (10/15)            Temple (1/1) D:5           Sewer (visited)
 Bailey (visited)
   Lair: D:8-11         Orc: D:9-12

Altars:
Cheibriados
Dithmenos
Elyvilon
Fedhas
Gozag
Hepliaklqana
Makhleb
Nemelex Xobeh
Qazlal
Ru
Sif Muna
Trog
Uskayaw
Vehumet
Wu Jian
Xom
Yredelemnul
Zin
The Shining One

Shops:
D:1 (

Annotations:
D:9 Pikel

.....#........###.#
.....'........#...#
.....#........#...#
###..+........#...#
#..#........#...#
#..#......###...#
#..########.....#
#..
.........Y.###+##
#.#
##......†@.......
#.......Y.......
+.......(.......
#........(......
#...Y....(......
................
.........(.#####
.........(#


You could see 3 yaks.


Message History

You take 7 damage, and now have 50/80 hp.
You hit the yak. The yak misses you. The yak completely misses you. x2
The yak gores you!
You emit a cloud of foul miasma! 😮 HP[-6]
You take 6 damage, and now have 44/80 hp.
You hit the yak.
The yak is poisoned.
You block the yak's attack. The yak gores you but does no damage.
The yak is engulfed in dark miasma.
The yak is poisoned.
The yak seems to slow down.
The yak barely misses you. The yak completely misses you. 😮 HP[+1]
You puncture the yak!
The yak is poisoned.
You block the yak's attack.
The yak closely misses you. x2; The yak is engulfed in dark miasma.
The yak looks even sicker.
The yak seems to slow down.
The yak gores you!
* * * LOW HITPOINT WARNING * * *
😨 HP[-7]
You take 7 damage, and now have 38/80 hp.
You hit the yak but do no damage.
The yak looks as sick as possible!
You block the yak's attack. The yak completely misses you.
The yak barely misses you. 😨 HP[+2]
You regained 2 hp, and now have 40/80 hp.
You hit the yak.
The yak is poisoned.
You block the yak's attack.
The yak is engulfed in dark miasma.
The yak looks even sicker.
The yak completely misses you. The yak gores you but does no damage.
The yak gores you.
* * * LOW HITPOINT WARNING * * *
😨 HP[-2]
You take 2 damage, and now have 38/80 hp.
You hit the yak. You block the yak's attack. The yak misses you.
The yak closely misses you. The yak gores you!
* * * LOW HITPOINT WARNING * * *
You emit a cloud of foul miasma! 😨 HP[-6]
You take 6 damage, and now have 32/80 hp.
You hit the yak.
The yak looks as sick as possible!
The yak completely misses you. You block the yak's attack.
The yak completely misses you.
The yak is engulfed in dark miasma.
The yak looks as sick as possible!
The yak completely misses you. The yak misses you. The yak gores you!
* * * LOW HITPOINT WARNING * * *
The yak gores you but does no damage. 😨 HP[-8]
You take 8 damage, and now have 24/80 hp.
Okay, then.
The flow of time bends around you.
Cheibriados rebukes the yak.
The yak seems to slow down.
Cheibriados rebukes the yak.
The yak seems to slow down.
Cheibriados rebukes the yak.
The yak seems to slow down.
Cheibriados rebukes the yak.
The yak seems to slow down.
The yak is engulfed in dark miasma.
The yak looks as sick as possible!
You block the yak's attack. 😨 HP[+1] MP[-3]
You lost 3 mp, and now have 16/19 mp.
You warp the flow of time around you!
Cheibriados lowers the support of your attributes as your movement quickens. 😨 MP[-4]
You lost 4 mp, and now have 12/19 mp.
You hit the yak.
The yak is poisoned.
The yak closely misses you. The yak misses you. 😨 HP[+1]
You hit the yak. The yak gores you!
* * * LOW HITPOINT WARNING * * *
The yak barely misses you. The yak misses you. 😨 HP[-5]
You take 5 damage, and now have 21/80 hp.
Unknown command.
You puncture the yak!
You kill the yak!
Cheibriados appreciates the change of pace.
The yak gores you but does no damage. 😨 HP[+1]
You warp the flow of time around you!
You can no longer warp the flow of time around you. 😨 MP[-4]
You lost 4 mp, and now have 8/19 mp.
You hit the yak.
The yak is poisoned.
The yak closely misses you. 😨 HP[+1]
You hit the yak.
The yak looks even sicker.
The yak gores you.
* * * LOW HITPOINT WARNING * * *
The yak gores you!
* * * LOW HITPOINT WARNING * * *
😱 HP[-15] MP[+1]
You take 15 damage, and now have 8/80 hp.
Unknown command.
Okay, then.
Okay, then.
Okay, then.
Really quaff the potion of haste?
This action would place you under penance!
You feel yourself speed up.
Cheibriados thinks you should slow down.
You feel extremely guilty.
Cheibriados lowers the support of your attributes as your movement quickens. "You will pay for your transgression, mortal!"
The yak gores you.
* * * LOW HITPOINT WARNING * * *
The yak gores you!
You die...

Skill      XL: |  1  2  3  4  5  6  7  8  9 10 11 |
---------------+----------------------------------+-----
Fighting       | 1 2 5 |  5.2
Necromancy     | 5 6 |  6.0
Dodging        | 2 5 8 9 11 12 | 12.2
Unarmed Combat | 2 3 |  3.0
Invocations    | 3 8 11 | 11.0
Stealth        | |  1.7
Spellcasting   | |  2.0

Action                   |  1- 3 |  4- 6 |  7- 9 | 10-12 || total
-------------------------+-------+-------+-------+-------++-------
Melee: Unarmed           |    25 |    20 |       |       ||    45
       Short sword       |       |    95 |   496 |   271 ||   862
       Punch             |       |     1 |       |       ||     1
Throw: Stone             |       |       |    12 |    14 ||    26
 Cast: Pain              |    44 |    24 |       |       ||    68
       Vampiric Draining |     1 |     3 |       |       ||     4
Invok: Bend Time         |       |       |     1 |     4 ||     5
       Temporal Distorti |       |       |       |     3 ||     3
  Use: Scroll            |     4 |     5 |     7 |     2 ||    18
       Potion            |     3 |     1 |     9 |     2 ||    15
 Stab: Sleeping          |       |     3 |     4 |     2 ||     9
       Distracted        |       |     1 |     1 |       ||     2
       Invisible         |       |       |    14 |       ||    14
Armor: Robe              |     3 |    30 |   150 |    47 ||   230
       Skin              |       |       |    20 |       ||    20
Dodge: Dodged            |    16 |    93 |   674 |   385 ||  1168
Block: Buckler           |       |    15 |   205 |   110 ||   330

Levels and vault maps discovered:
D:1:      minmay_arrival_plants_in_alcoves, layout_loops_corners,
          basic_ecumenical_altar, serial_shops, nicolae_shop_overgrown_old_shop,
          minmay_misc_feat_hallway, hangedman_decor_push, serial_bayou_crossing
D:2:      layout_basic, uniq_sigmund
D:3:      kennysheep_slugbush, layout_basic, minmay_misc_feat_tiny,
          kennysheep_big_empty_room, uniq_terence
D:4:      layout_gridville, mainiacjoe_overflow_six_doors_small,
          mainiacjoe_overflow_chevrons, uniq_edmund
D:5:      layout_loops_ring, grunt_qazlal_clouds, minmay_temple_entry_overgrown,
          cheibrodos_sewer_entry_drain, serial_undead, serial_undead_c,
          serial_undead_f, serial_undead_e, serial_undead_a
D:6:      layout_rooms, serial_co_window_serial, co_window_paths_b,
          co_window_paths_a, co_window_corner_a, co_window_corner_a,
          co_window_cross_1, co_window_unsneaky_path_a,
          co_window_of_opportunity_b, co_window_corner_b, co_window_broadway_b,
          co_window_unsneaky_path_a, co_window_broadway_c,
          co_window_unsneaky_path_e, glass_columns_a, glass_columns_b,
          glass_columns_a, glass_columns_a, uniq_duvessa
D:7:      layout_basic, zin_angel, enter_bailey_5, minmay_circle_x
D:8:      layout_basic, serial_curves, eino_curves_01, eino_curves_01,
          lightli_corner_chamber
D:9:      layout_irregular_city, mainiacjoe_overflow_brackets, uniq_pikel
D:10:     layout_basic, kennysheep_mini_moat, ashenzari_altar_1,
          dpeg_lair_monsters, minmay_orc_entry_temple_small
Temple:   regret_index_temple_generic_petals

Notes
Turn   | Place    | Note
-------+----------+-------------------------------------------
     0 | D:1      | spaghetti the Demonspawn Necromancer began the quest for
                  | the Orb.
     0 | D:1      | Reached XP level 1. HP: 13/13 MP: 3/3
     0 | D:1      | magus.rc [v1.9.6]
   154 | D:1      | Reached skill level 1 in Fighting
   249 | D:1      | Gained mutation: You are partially covered in yellow
                  | scales. (AC +2) [demonic ancestry]
   249 | D:1      | Reached XP level 2. HP: 20/22 MP: 0/5
   381 | D:1      | Reached skill level 2 in Fighting
   504 | D:1      | Found Jokon's Antique Weapon Shop.
   787 | D:1      | Found a faded altar of an unknown god.
  1646 | D:2      | You pick up a book of Spatial Translocations and begin
                  | reading...
  1646 | D:2      | You add the spells Blink, Lesser Beckoning and Manifold
                  | Assault to your library.
  1692 | D:2      | Gained mutation: You sometimes gain a little power by
                  | taking damage. [demonic ancestry]
  1692 | D:2      | Reached XP level 3. HP: 28/28 MP: 4/6
  1777 | D:2      | Learned a level 3 spell: Vampiric Draining
  1941 | D:2      | Noticed Sigmund
  1963 | D:2      | HP: 6/28 [something (10)]
  1968 | D:2      | HP: 4/28 [something (3)]
  1970 | D:2      | Killed Sigmund
  1971 | D:2      | Reached skill level 5 in Fighting
  1971 | D:2      | Gained mutation: You have sharp fingernails. [demonic
                  | ancestry]
  1971 | D:2      | Reached XP level 4. HP: 4/39 MP: 1/7
  1971 | D:2      | Gained mutation: You may rarely emit foul miasma when
                  | damaged in melee. [demonic ancestry]
  1971 | D:2      | Reached XP level 5. HP: 4/44 MP: 1/8
  2255 | D:2      | Learned a level 4 spell: Animate Dead
  3009 | D:3      | Reached skill level 5 in Necromancy
  3020 | D:3      | HP: 11/44 [orc priest/divine providence (16)]
  3023 | D:3      | Reached XP level 6. HP: 11/51 MP: 6/9
  3553 | D:3      | Noticed Terence
  3683 | D:3      | HP: 18/76 [Terence/+0 flail (5)]
  3684 | D:3      | Killed Terence
  3971 | D:3      | Reached skill level 6 in Necromancy
  4013 | D:3      | Identified the +0 pair of gloves "Cyeddot" {-Cast +Inv
                  | rCorr Dex+8 Stlth-}
  4195 | D:4      | Found a basalt altar of Yredelemnul.
  4202 | D:4      | You pick up a book of Party Tricks and begin reading...
  4202 | D:4      | You add the spells Apportation and Alistair's Intoxication
                  | to your library.
  4235 | D:4      | Identified a scroll of acquirement
  4241 | D:4      | Acquired the +0 buckler "Ewovoade" {+Blink Dex+4}
  4298 | D:4      | Reached skill level 2 in Dodging
  4298 | D:4      | Reached skill level 1 in Unarmed Combat
  4366 | D:4      | Noticed Edmund
  4395 | D:4      | Killed Edmund
  4396 | D:4      | Reached skill level 2 in Unarmed Combat
  4396 | D:4      | Gained mutation: You sometimes gain power by taking damage.
                  | [demonic ancestry]
  4396 | D:4      | Reached XP level 7. HP: 22/54 MP: 10/10
  4659 | D:4      | Reached skill level 3 in Dodging
  4719 | D:4      | Found a sparkling altar of Nemelex Xobeh.
  4934 | D:5      | Entered Level 5 of the Dungeon
  5033 | D:5      | Reached skill level 3 in Unarmed Combat
  5038 | D:5      | Reached skill level 4 in Dodging
  5093 | D:5      | Found a glowing drain.
  5103 | Sewer    | Entered a sewer
  5535 | Sewer    | Reached skill level 5 in Dodging
  5562 | Sewer    | Gained mutation: You sometimes emit foul miasma when
                  | damaged in melee. [demonic ancestry]
  5562 | Sewer    | Reached XP level 8. HP: 30/62 MP: 11/11
  5827 | D:5      | Reached skill level 6 in Dodging
  6196 | D:5      | HP: 22/90 [wight/+0 flail of protection (9)]
  6202 | D:5      | HP: 19/85 [wight/+0 flail of protection (2)]
  6206 | D:5      | HP: 9/84 [wight/+0 flail of protection (3)]
  6208 | D:5      | HP: 4/82 [wight/+5 halberd (4)]
  6214 | D:5      | Reached skill level 7 in Dodging
  6525 | D:5      | Found a staircase to the Ecumenical Temple.
  6554 | D:5      | Found a stormy altar of Qazlal.
  6679 | Temple   | Entered the Ecumenical Temple
  7019 | Temple   | Became a worshipper of Cheibriados the Contemplative
  7247 | D:5      | Reached skill level 1 in Invocations
  7393 | D:5      | Reached skill level 2 in Invocations
  7562 | D:6      | Noticed Duvessa
  7562 | D:6      | Noticed Dowan
  7576 | D:5      | Reached skill level 8 in Dodging
  7576 | D:5      | Reached skill level 3 in Invocations
  7615 | D:5      | Gained mutation: You are powered by pain. [demonic
                  | ancestry]
  7615 | D:5      | Reached XP level 9. HP: 57/68 MP: 12/12
  7633 | D:6      | Killed Duvessa
  7634 | D:6      | Killed Dowan
  7635 | D:6      | Reached skill level 4 in Invocations
  8103 | D:6      | Reached skill level 5 in Invocations
  8588 | D:7      | Reached * piety under Cheibriados
  8634 | D:7      | Reached skill level 6 in Invocations
  8680 | D:7      | Reached skill level 9 in Dodging
  8734 | D:7      | Reached skill level 7 in Invocations
  8880 | D:7      | Identified the +4 spear "Ogrebane" {vorpal, SInv}
  9053 | D:7      | Found a flagged portal.
  9082 | Bailey   | Entered a bailey
  9119 | Bailey   | Reached skill level 8 in Invocations
  9178 | Bailey   | Reached XP level 10. HP: 55/74 MP: 16/16
  9180 | Bailey   | Reached ** piety under Cheibriados
  9259 | Bailey   | Reached skill level 10 in Dodging
  9259 | Bailey   | Reached skill level 9 in Invocations
  9273 | Bailey   | Noticed Prince Ribbit
  9273 | Bailey   | Noticed a vault guard
  9282 | Bailey   | Killed Prince Ribbit
  9291 | Bailey   | Killed a vault guard
  9343 | Bailey   | Noticed a vault guard
  9377 | Bailey   | Killed a vault guard
  9378 | Bailey   | Reached skill level 10 in Invocations
  9857 | D:7      | Noticed an angel
 10280 | D:8      | Reached skill level 11 in Invocations
 10305 | D:8      | Reached skill level 11 in Dodging
 10441 | D:8      | Reached *** piety under Cheibriados
 10495 | D:8      | You pick up a book of Touch and begin reading...
 10495 | D:8      | You add the spells Static Discharge, Sticky Flame and
                  | Dispel Undead to your library.
 10680 | D:8      | Noticed a seven-headed hydra
 10680 | D:8      | Noticed a red ugly thing
 10962 | D:9      | Gained mutation: You have very sharp fingernails. [demonic
                  | ancestry]
 10962 | D:9      | Reached XP level 11. HP: 67/80 MP: 19/19
 11034 | D:9      | Reached skill level 12 in Dodging
 11045 | D:9      | magus.rc [v1.9.6]
 11045 | D:9      | magus.rc [v1.9.6]
 11118 | D:9      | Noticed Pikel
 11132 | D:9      | HP: 20/80 [poisoned by a gargoyle]
 11137 | D:9      | HP: 14/80 [poisoned by a gargoyle]
 11142 | D:10     | Entered Level 10 of the Dungeon
 11143 | D:10     | HP: 15/80 [poisoned by a gargoyle]
 11261 | D:9      | HP: 18/80 [yak (6)]
 11261 | D:9      | HP: 8/80 [yak (10)]
 11262 | D:9      | Was placed under penance by Cheibriados
 11262 | D:9      | Slain by a yak

Vanquished Creatures
  2 vault guards (Bailey)
  Prince Ribbit (Bailey)
  Sigmund (D:2)
  12 yaks
  A wyvern (D:7)
  6 humans (Bailey)
  Edmund (D:4)
  Duvessa (D:6)
  A black bear (D:5)
  5 sky beasts
  3 ice beasts (D:7)
  2 ogres (D:7)
  5 centaurs
  A phantom (D:5)
  A lemure (D:9)
  A kobold brigand (D:7)
  2 necrophages
  11 bullfrogs
  3 scorpions
  5 wights
  Dowan (D:6)
  6 killer bees (D:9)
  2 bullfrog zombies (D:5)
  4 hounds
  7 orc priests
  2 bullfrog skeletons (D:5)
  A gnoll shaman (D:8)
  Terence (D:3)
  3 iguanas
  5 orc wizards
  3 killer bee zombies (D:5)
  A howler monkey zombie (D:5)
  5 gnolls (D:8)
  17 adders
  2 river rats (Sewer)
  An ufetubus (D:6)
  A worm (D:2)
  8 dart slugs
  13 orcs
  2 bats (D:2)
  8 endoplasms
  5 giant cockroaches
  9 goblins
  12 hobgoblins
  5 jackals
  14 kobolds
  3 quokkas (D:3)
  14 ball pythons
  5 frilled lizards
  24 rats
249 creatures vanquished.

Vanquished Creatures (others)
  A killer bee zombie (D:5)
  4 withered plants (D:5)
5 creatures vanquished.

Grand Total: 254 creatures vanquished

Table legend:
 A = Non-vault XP
 B = Vault XP
 C = Vault XP percentage of total XP
 D = Non-vault monster count
 E = Vault monster count
 F = Vault count percentage of total count
                 A         B        C        D         E       F
            +---------+---------+-------+---------+---------+-------
      Total |    7043 |    5377 |  43.3 |     155 |      93 |  37.5
            +---------+---------+-------+---------+---------+-------
        D:1 |      28 |       0 |   0.0 |      18 |       0 |   0.0
        D:2 |      28 |     227 |  89.0 |      15 |       1 |   6.2
        D:3 |     169 |      60 |  26.2 |      21 |       7 |  25.0
        D:4 |     244 |     166 |  40.5 |      13 |       1 |   7.1
        D:5 |    1341 |     284 |  17.5 |      24 |      10 |  29.4
        D:6 |     480 |     211 |  30.5 |       8 |       2 |  20.0
        D:7 |    1026 |     299 |  22.6 |      17 |       8 |  32.0
        D:8 |    1934 |       0 |   0.0 |      25 |       0 |   0.0
        D:9 |    1793 |       0 |   0.0 |      14 |       0 |   0.0
      Sewer |       0 |     303 | 100.0 |       0 |      41 | 100.0
     Bailey |       0 |    3827 | 100.0 |       0 |      23 | 100.0
            +---------+---------+-------+---------+---------+-------

Illustrated notes

Table legend:
 A = Kills in this place as a percentage of kills in entire the game.
 B = Kills by you in this place as a percentage of kills by you in the entire game.
 C = Kills by friends in this place as a percentage of kills by friends in the entire game.
 D = Other kills in this place as a percentage of other kills in the entire game.
 E = Experience gained in this place as a percentage of experience gained in the entire game.
 F = Experience gained in this place divided by the number of levels of this place that you have seen.
                   A       B       C       D       E      F
               +-------+-------+-------+-------+-------+----------------------
         Total | 100.0 | 100.0 |   N/A |   N/A | 100.0 | 955.4
       Dungeon |  74.2 |  74.2 |   N/A |   N/A |  66.7 | 829.0
         Sewer |  16.5 |  16.5 |   N/A |   N/A |   2.4 | 303.0
        Bailey |   9.3 |   9.3 |   N/A |   N/A |  30.8 | 3827.0
               +-------+-------+-------+-------+-------+----------------------

Table legend: (Time is in decaauts)
 A = Elapsed time spent in this place.
 B = Non-inter-level travel time spent in this place.
 C = Inter-level travel time spent in this place.
 D = Time resting spent in this place.
 E = Time spent auto-exploring this place.
 F = Levels seen in this place.
 G = Mean time per level.
                   A        B        C        D        E       F      G
               +--------+--------+--------+--------+--------+-----+--------+
         Total |  12645 |  12278 |    367 |   1845 |   8190 |  13 |  972.7 |
       Dungeon |  10651 |  10319 |    332 |   1311 |   7350 |  10 | 1065.1 |
        Temple |    376 |    341 |     35 |      0 |    328 |   1 |  376.0 |
         Sewer |    753 |    753 |      0 |    188 |    324 |   1 |  753.0 |
        Bailey |    863 |    863 |      0 |    346 |    187 |   1 |  863.0 |
               +--------+--------+--------+--------+--------+-----+--------+

Top non-repeatable levels by time:
     D:5: 1745 daAuts
     D:2: 1463 daAuts
     D:3: 1431 daAuts
     D:1: 1324 daAuts
     D:6: 1212 daAuts
     D:7: 1195 daAuts
     D:8: 1124 daAuts
  Bailey: 863 daAuts
   Sewer: 753 daAuts
     D:4: 747 daAuts
  Temple: 376 daAuts
     D:9: 339 daAuts
    D:10: 67 daAuts
